 Dungeon Crawl Stone Soup version 0.32-a0-747-gc8563f6773 (webtiles) character file.

Game seed: 10208598188086935074

189 smashvw the Shield-Bearer (level 5, -2/28 HPs)
             Began as a Vine Stalker Fighter on Mar 17, 2024.
             Slain by Terence
             ... wielding a +0 flail
              (3 damage)
             ... on level 3 of the Dungeon.
             The game lasted 00:06:33 (1606 turns).

smashvw the Shield-Bearer (Vine Stalker Fighter)    Turns: 1606, Time: 00:06:33

Health: -2/28      AC:  9    Str: 19    XL:     5   Next: 68%
Magic:  0/6        EV:  6    Int:  8    God:
Gold:   78         SH:  5    Dex: 15    Spells: 4/4 levels left

rFire   . . .        a - +0 rapier
rCold   . . .        c - +0 buckler
rNeg    . . .        o - +0 chain mail
rPois   .            (no helmet)
rElec   .            (no cloak)
rCorr   .            (no gloves)
SInv    .            (no boots)
Will    .....        (no amulet) Stlth
                     (no ring)
HPRegen 1.04/turn    (no ring)
MPRegen 0.10/turn

%: guardian spirit
@: no status effects
A: fangs 2, regeneration 1, magic shield, antimagic bite, no potion heal 2
a: no special abilities


You were on level 3 of the Dungeon.
You visited 1 branch of the dungeon, and saw 3 of its levels.

You collected 78 gold pieces.

Inventory:

Hand Weapons
 a - a +0 rapier (weapon)
Missiles
 i - 4 silver javelins
 k - 17 stones (quivered)
 l - 10 poisoned darts
Armour
 c - a +0 buckler (worn)
 o - a +0 chain mail (worn)
Jewellery
 j - a ring of flight
Wands
 d - a wand of flame (12)
Scrolls
 e - 2 scrolls of teleportation {unknown}
 h - a scroll of silence {unknown}
 m - 2 scrolls of summoning {unknown}
 n - 2 scrolls of identify {unknown}
Potions
 b - a potion of invisibility {unknown}
 f - a potion of mutation {unknown}
 g - a potion of haste {unknown}


   Skills:
 + Level 3.4 Fighting
 + Level 2.7 Short Blades
 + Level 1.6 Throwing
 + Level 3.1 Armour
 + Level 3.5 Shields


You had 4 spell levels left.
You didn't know any spells.
Your spell library contained the following spells:

 Spells                   Type           Power      Damage    Failure   Level
 Tukima's Dance           Hex            0%         N/A       100%        3
 Dimensional Bullseye     Hex/Tloc       0%         N/A       100%        4
 Iskenderun's Mystic Bla  Conj/Tloc      0%         2d3       100%        4


Dungeon Overview and Level Annotations

Branches:
Dungeon (3/15)

Altars:
Zin

Shops:
D:1 [   D:2 *   D:3 *

Annotations:
D:2 1 runed translucent door, Crazy Yiuf
D:3 Terence


Innate Abilities, Weirdness & Mutations

You have extremely sharp teeth.
Your natural rate of healing is unusually fast.
When hurt, damage is shared between your health and your magic reserves.
Your bite disrupts and absorbs the magic of your enemies.
Potions cannot restore your health.


Message History

Terence is lightly wounded.
Terence barely misses you. You block Terence's attack.
The endoplasm barely misses you.
You hit Terence but do no damage. You bite Terence, but do no damage.
Terence is lightly wounded.
The endoplasm hits you but does no damage.
Terence barely misses you.
You closely miss Terence. Your bite misses Terence.
Terence is lightly wounded.
The endoplasm hits you but does no damage.
Terence hits you with a +0 flail.
You puncture Terence!
Terence is heavily wounded.
The endoplasm freezes you.
You are frozen.
Terence hits you with a +0 flail!
You are too injured to fight recklessly!
You are too injured to fight recklessly!
You barely miss Terence. You bite Terence, but do no damage.
Terence is heavily wounded.
You block the endoplasm's attack. Terence barely misses you.
You hit Terence but do no damage. You bite Terence, but do no damage.
Terence is heavily wounded.
The endoplasm freezes you.
You are frozen.
Terence hits you with a +0 flail.
You hit Terence.
Terence is severely wounded.
The endoplasm barely misses you. You block Terence's attack.
You hit Terence but do no damage. You bite Terence, but do no damage.
Terence is severely wounded.
The endoplasm closely misses you. Terence hits you with a +0 flail.
You hit Terence but do no damage.
Terence is severely wounded.
The endoplasm freezes you.
You are frozen.
* * * LOW HITPOINT WARNING * * *
Terence hits you with a +0 flail!
* * * LOW HITPOINT WARNING * * *
Terence hits you with a +0 flail.
You die...
Terence says, "That felt goooood."

......#..........
................##
....)............#
......#..........#
....#............#
................$######.
#.......................
#...................[...
#..............#@.......
###..#####.#####@J......
#.# #.....#........
#...# #####..#.#.....
..# ...#...## ### #.
##...# ##### #. .(#
..... .. .# ...##


You could see Terence and an endoplasm.

Vanquished Creatures
  A howler monkey (D:3)
  Ijyb (D:3)
  3 gnolls (D:3)
  5 adders
  2 ribbon worms (D:2)
  2 endoplasms
  3 giant cockroaches
  9 goblins
  3 hobgoblins
  2 jackals (D:2)
  2 quokkas (D:2)
  3 ball pythons
  3 bats
  2 frilled lizards
  6 kobolds
  2 rats
49 creatures vanquished.

Notes
Turn   | Place    | Note
-------+----------+-------------------------------------------
     0 | D:1      | smashvw the Vine Stalker Fighter began the quest for the
                  | Orb.
     0 | D:1      | Reached XP level 1. HP: 11/11 MP: 2/2
   151 | D:1      | Reached XP level 2. HP: 16/16 MP: 3/3
   366 | D:1      | Found Reurr's Armour Emporium.
   459 | D:2      | Found Joczo's General Store.
   469 | D:2      | Reached XP level 3. HP: 19/19 MP: 4/4
   772 | D:2      | Reached XP level 4. HP: 24/24 MP: 5/5
   865 | D:2      | Reached skill level 1 in Throwing
   885 | D:2      | Found a runed translucent door.
   886 | D:2      | Noticed Crazy Yiuf
  1210 | D:2      | Found a faded altar of an unknown god.
  1405 | D:3      | Noticed Ijyb
  1421 | D:3      | Killed Ijyb
  1422 | D:3      | Reached XP level 5. HP: 5/28 MP: 1/6
  1512 | D:3      | Found Zin's Purification Station.
  1515 | D:3      | Found a glowing silver altar of Zin.
  1593 | D:3      | Noticed Terence
  1606 | D:3      | HP: 1/28 [Terence/+0 flail (7)]
  1606 | D:3      | Slain by Terence

Illustrated notes

Levels and vault maps discovered:
D:1:      minmay_arrival_open_corners, layout_rooms, serial_shops,
          nicolae_shop_tiny_real_fake_doors
D:2:      layout_loops_ring, serial_shops, shop,
          shapermc_ecumenical_altar_pompeii, uniq_crazy_yiuf_cottage
D:3:      layout_rooms, zin_purify, serial_forest,
          infiniplex_forest_clump_medium, infiniplex_forest_end_1,
          infiniplex_forest_clump_diagonal, infiniplex_forest_clump_diagonal,
          infiniplex_forest_end_double, infiniplex_forest_straight_4,
          hangedman_decor_push, uniq_sigmund, uniq_ijyb, uniq_terence

Skill      XL: |  1  2  3  4 |
---------------+-------------+-----
Short Blades   | 2 |  2.7
Fighting       | 3 |  3.4
Shields        | 3 |  3.5
Throwing       | 1 |  1.6
Armour         | 3 |  3.1

Action                     |  1- 3 |  4- 6 || total
---------------------------+-------+-------++-------
  Melee: Rapier            |    98 |   107 ||   205
         Bite              |    27 |    36 ||    63
  Throw: Stone             |     5 |       ||     5
    Use: Potion            |       |     1 ||     1
 Armour: Scale mail        |    53 |       ||    53
         Chain mail        |    17 |    54 ||    71
  Dodge: Dodged            |    36 |    21 ||    57
  Block: Buckler           |    25 |    13 ||    38

Table legend: (Time is in decaauts)
 A = Elapsed time spent in this place.
 B = Non-inter-level travel time spent in this place.
 C = Inter-level travel time spent in this place.
 D = Time resting spent in this place.
 E = Time spent auto-exploring this place.
 F = Levels seen in this place.
 G = Mean time per level.
                   A        B        C        D        E       F      G
               +--------+--------+--------+--------+--------+-----+--------+
         Total |   1630 |   1566 |     64 |      0 |   1074 |   3 |  543.3 |
       Dungeon |   1630 |   1566 |     64 |      0 |   1074 |   3 |  543.3 |
               +--------+--------+--------+--------+--------+-----+--------+

Top non-repeatable levels by time:
     D:2: 862 daAuts
     D:1: 401 daAuts
     D:3: 367 daAuts
